 Dungeon Crawl Stone Soup version 0.32-a0-909-gc671339a80 (webtiles) character file.

Game seed: 16741520473339012915

8 Chiseanne the Ruffian (level 2, 3/31 HPs)
             Began as a Demonspawn Wanderer on Apr 7, 2024.
             Quit the game on level 1 of the Dungeon.
             The game lasted 00:00:31 (105 turns).

Chiseanne the Ruffian (Demonspawn Wanderer)          Turns: 105, Time: 00:00:32

Health: 3/31       AC: 21    Str: 15    XL:     2   Next: 0%
Magic:  2/2        EV:  2    Int: 10    God:
Gold:   0          SH:  0    Dex: 11    Spells: 1/1 levels left

rFire   . . .        a - +2 falchion
rCold   . . .        (no shield)
rNeg    . . .        f - melded +0 leather armour
rPois   +            (helmet currently unavailable)
rElec   .            (cloak currently unavailable)
rCorr   .            (gloves currently unavailable)
SInv    .            (boots currently unavailable)
Will    .....        (no amulet)
Stlth   +            (no ring)
HPRegen 0.25/turn    (no ring)
MPRegen 0.08/turn

%: no passive effects
@: tree-form
A: stationary, stasis, torment immunity, boosted hp, (antennae 1)
a: no special abilities


You were on level 1 of the Dungeon.
You were a tree.
You visited 1 branch of the dungeon, and saw 1 of its levels.

Inventory:

Hand Weapons
 a - a +2 falchion (weapon)
 d - a +0 dagger
Missiles
 c - 14 poisoned darts (quivered)
Armour
 f - a +0 leather armour (melded)
Scrolls
 e - a scroll of teleportation
Potions
 b - a potion of attraction


   Skills:
 * Level 1.4 Fighting
 - Level 1.7 Long Blades
 - Level 1.0 Throwing
 * Level 1.2 Armour
 * Level 0.6 Dodging
 - Level 1.0 Stealth
 - Level 2.6 Unarmed Combat
 - Level 1.2 Invocations


You had one spell level left.
You didn't know any spells.
Your spell library was empty.

Dungeon Overview and Level Annotations

Branches:
Dungeon (1/15)

Altars:


Innate Abilities, Weirdness & Mutations

You are a tree.
Your roots penetrate the ground, keeping you stationary.
You cannot be teleported.
You are immune to unholy pain and torment.
Your maximum health is greatly increased.
Your equipment is partially melded.
((You have a pair of small antennae on your head.))


Message History

You hit the quokka but do no damage.
The goblin shouts!
The endoplasm quivers.
The quokka bites you.
You closely miss the quokka. The quokka barely misses you.
You hit the quokka.
The quokka is moderately wounded.
The quokka bites you.
A dart slug comes into view.
The quokka bites you. The quokka bites you.
The quokka attacks as it pursues you! The quokka bites you.
* * * LOW HITPOINT WARNING * * *
You hit the quokka.
The quokka is almost dead.
The quokka bites you.
* * * LOW HITPOINT WARNING * * *
The quokka barely misses you.
It was a potion of lignification.
You turn into a tree.
Your +0 leather armour melds into your body.
Your roots penetrate the ground.
The quokka bites you but does no damage.
You barely miss the quokka.
The quokka is almost dead.
The quokka bites you but does no damage.
You hit the quokka.
You kill the quokka!
You barely miss the goblin. The goblin hits you but does no damage.
You hit the goblin.
You kill the goblin!
You barely miss the endoplasm. The endoplasm freezes you.
You are frozen.
* * * LOW HITPOINT WARNING * * *
You slash the endoplasm!
You kill the endoplasm!
You have reached level 2!
Your demonic ancestry asserts itself...
A pair of antennae grows on your head!
Are you sure you want to abandon this character and quit the game? (Confirm with "yes".)

# ###.# .###
... .. .....
###.##.#
......##......#
w....J.....#
......##)#.#
..... #♣# .###
##.# ##..####.#
#........#
#..#####.#
#######..# ..
#..÷.....#
.###. .
#....÷..##
####.>. ..
#.##...##
######.....##..


There were no monsters in sight!

Vanquished Creatures
  2 endoplasms (D:1)
  2 goblins (D:1)
  A hobgoblin (D:1)
  A quokka (D:1)
6 creatures vanquished.

Notes
Turn   | Place    | Note
-------+----------+-------------------------------------------
     0 | D:1      | Chiseanne the Demonspawn Wanderer began the quest for the
                  | Orb.
     0 | D:1      | Chiseanne set off with the following items: a +2 falchion,
                  | a potion of attraction, 14 poisoned darts, a +0 dagger, a
                  | scroll of teleportation, a +0 leather armour.
     0 | D:1      | Reached XP level 1. HP: 15/15 MP: 1/1
   105 | D:1      | Gained mutation: You have a pair of small antennae on your
                  | head. [demonic ancestry]
   105 | D:1      | Reached XP level 2. HP: 3/21 MP: 2/2
   105 | D:1      | Quit the game

Illustrated notes

Levels and vault maps discovered:
D:1:      amcnicky_arrival_wind_blow, layout_loops_cross,
          ebering_ecumenical_altar_hall

Action                     || total
---------------------------++-------
  Melee: Falchion          ||    25
    Use: Potion            ||     1
 Armour: Leather armour    ||    13
         Skin              ||     3
  Dodge: Dodged            ||    11

Table legend: (Time is in decaauts)
 A = Elapsed time spent in this place.
 B = Non-inter-level travel time spent in this place.
 C = Inter-level travel time spent in this place.
 D = Time resting spent in this place.
 E = Time spent auto-exploring this place.
 F = Levels seen in this place.
 G = Mean time per level.
                   A        B        C        D        E       F      G
               +--------+--------+--------+--------+--------+-----+--------+
         Total |    110 |    110 |      0 |     21 |     29 |   1 |  110.0 |
       Dungeon |    110 |    110 |      0 |     21 |     29 |   1 |  110.0 |
               +--------+--------+--------+--------+--------+-----+--------+

Top non-repeatable levels by time:
     D:1: 110 daAuts
